 Dungeon Crawl Stone Soup version 0.30-a0-347-gf58ed5266c (webtiles) character file.

Game seed: 16719010119675715286

21179 koil the Covert (level 12, -7/61 HPs)
             Began as a Spriggan Enchanter on Nov 6, 2022.
             Was the Champion of Wu Jian.
             Shot with an arrow by a deep elf archer (32 damage)
             ... in a volcano.
             The game lasted 01:21:49 (13114 turns).

koil the Covert (Spriggan Enchanter)               Turns: 13114, Time: 01:21:50

Health: -7/61      AC:  2    Str:  8    XL:     12   Next: 51%
Magic:  21/26      EV: 26    Int: 20    God:    Wu Jian [******]
Gold:   1895       SH:  0    Dex: 21    Spells: 13/30 levels left

rFire   + + .      SeeInvis +    a - +3 dagger (vorpal)
rCold   . . .      Faith    .    (no shield)
rNeg    . . .      Spirit   .    i - +0 robe
rPois   +          Reflect  .    (helmet restricted)
rElec   +          Harm     .    (no cloak)
rCorr   .          Rampage  .    (gloves unavailable)
Will    ++...                    (boots unavailable)
Stlth   +++++.....               r - amulet of regeneration
HPRegen 1.10/turn                I - ring of Ziral {rElec rF+ Str+4 Dex+4}
MPRegen 0.20/turn                B - ring of fire

@: confusing by touch, very quick
A: very small, no large weapons, unfitting armour, see invisible, speed 3, cold
resistance 1, poison resistance, wild magic 1
a: Renounce Religion, Wall Jump, Serpent's Lash, Heavenly Storm


You were in a volcano.
You worshipped Wu Jian.
Wu Jian was exalted by your worship.
You visited 3 branches of the dungeon, and saw 14 of its levels.
You also visited: Sewer, Bailey and Volcano.

You collected 1895 gold pieces.

Inventory:

Hand Weapons
 a - a +3 vorpal dagger (weapon)
 b - a +2 arbalest of flaming
 x - a +1 short sword of holy wrath
 J - a +3 dagger
 O - a +1 shortbow of flaming
Missiles
 l - 5 curare-tipped darts
 q - 32 poisoned darts
 u - 4 throwing nets
 F - 4 datura-tipped darts
Armour
 i - a +0 robe (worn)
Jewellery
 n - an amulet of reflection
 p - a ring of ice
 r - an amulet of regeneration (around neck)
 B - a ring of fire (right hand)
 D - the ring of Yendor {rCorr AC+4 Str+3 Stlth-}
   (You found it in a bailey)

   [ring of protection]

   AC:        It affects your AC (+4).
   Str:       It affects your strength (+3).
   rCorr:     It protects you from acid and corrosion.
   Stlth:     It makes you less stealthy.
 I - the ring of Ziral (left hand) {rElec rF+ Str+4 Dex+4}
   (You found it on level 10 of the Dungeon)

   [ring of protection from fire]

   Str:       It affects your strength (+4).
   Dex:       It affects your dexterity (+4).
   rF:        It protects you from fire.
   rElec:     It insulates you from electricity.
Wands
 o - a wand of charming (5)
 C - a wand of acid (8)
 E - a wand of roots (7)
 G - a wand of flame (10)
Scrolls
 d - a scroll of poison
 j - 4 scrolls of teleportation
 m - 2 scrolls of enchant armour
 s - 3 scrolls of vulnerability
 t - a scroll of identify
 y - a scroll of butterflies
 K - a scroll of torment
 L - 2 scrolls of fear
 N - a scroll of amnesia
Potions
 c - 4 potions of invisibility
 e - 3 potions of might
 f - 8 potions of heal wounds
 g - 3 potions of flight
 h - 3 potions of curing
 k - a potion of brilliance
 v - 2 potions of cancellation
 w - a potion of magic
 z - 2 potions of haste
 A - 2 potions of ambrosia {unknown}
 H - a potion of lignification
Miscellaneous
 M - a box of beasts


   Skills:
 + Level 6.1 Fighting
 + Level 8.4 Short Blades
 + Level 7.3 Ranged Weapons
 + Level 10.1 Dodging
 - Level 11.0 Stealth
 + Level 9.5 Spellcasting
 - Level 5.0 Conjurations
 - Level 7.0 Hexes
 - Level 5.0 Translocations
 - Level 3.0 Transmutations
 + Level 0.1 Fire Magic
 + Level 6.2 Poison Magic


You had 13 spell levels left.
You knew the following spells:

 Your Spells              Type           Power      Damage    Failure   Level
a - Ensorcelled Hibernat  Hex/Ice        60%        N/A       4%          2
b - Confusing Touch       Hex            49%        N/A       2%          3
c - Dazzling Flash        Conj/Hex       86%        N/A       3%          3
d - Olgreb's Toxic Radia  Pois           44%        N/A       9%          4
e - Blink                 Tloc           76%        N/A       2%          2
f - Ignite Poison         Fire/Tmut/Pois 42%        N/A       10%         3

Your spell library contained the following spells:

 Spells                   Type           Power      Damage    Failure   Level
 Sting                    Tmut/Pois      100%       1d8       2%          1
 Tukima's Dance           Hex            49%        N/A       2%          3
 Poisonous Vapours        Pois/Air       56%        N/A       5%          2
 Wereblood                Tmut           27%        N/A       5%          2
 Passwall                 Tmut/Erth      16%        N/A       10%         2
 Necrotise                Necr           48%        1d6       12%         1
 Manifold Assault         Tloc           38%        N/A       14%         4
 Scorch                   Fire           38%        2d7       16%         2
 Sublimation of Blood     Necr           12%        N/A       16%         2
 Kindle Blastsparks       Fire/Tloc/Air  62%        2d15      16%         3
 Leda's Liquefaction      Hex/Erth       15%        N/A       24%         4
 Swiftness                Air            12%        N/A       30%         3
 Vampiric Draining        Necr           12%        2d6       30%         3
 Flame Wave               Conj/Fire      38%        2d10      34%         4
 Summon Mana Viper        Hex/Summ       30%        N/A       52%         5
 Summon Ice Beast         Ice/Summ       12%        N/A       67%         4
 Freezing Cloud           Conj/Ice/Air   10%        6-21      78%         5
 Agony                    Necr           12%        N/A       94%         5
 Lee's Rapid Deconstruct  Erth           6%         3d6*      94%         5
 Statue Form              Tmut/Erth      13%        N/A       100%        6
 Summon Cactus Giant      Summ           6%         N/A       100%        6
 Monstrous Menagerie      Summ           6%         N/A       100%        7
 Storm Form               Tmut/Air       10%        N/A       100%        7
 Summon Hydra             Summ           6%         N/A       100%        7


Dungeon Overview and Level Annotations

Branches:
Dungeon (10/15)            Temple (1/1) D:7            Lair (3/5) D:10
  Swamp (0/4) Lair:2       Spider (0/4) Lair:3          Orc (0/2) D:10
  Sewer (visited)          Bailey (visited)         Volcano (1/1)

Altars:
Ashenzari
Cheibriados
Elyvilon
Gozag
Makhleb
Nemelex Xobeh
Okawaru
Qazlal
Sif Muna
Uskayaw
Vehumet
Wu Jian
Xom
Yredelemnul
Zin
The Shining One

Shops:
D:3 (   D:9 (   D:10 (

Annotations:
Lair:1 3 runed translucent doors, Hiufoemo's ghost, journeyman DjWr


Innate Abilities, Weirdness & Mutations

You are very small and have problems with some larger weapons.
You are too small for most types of armour.
You have supernaturally acute eyesight. (SInv)
You cover ground extremely quickly. (Speed+++)
Your flesh is cold resistant. (rC+)
Your system is resistant to poisons. (rPois)
Your spells are a little harder to cast, but a little more powerful.


Message History

The hell hound completely misses you.
Casting: Confusing Touch (dangerous; 2% risk of failure)
Confirm with . or Enter, or press ? or * to list all spells.
Your hands begin to glow red.
The hell hound misses you.
You hit the hell hound but do no damage.
The hell hound appears confused.
You hit the hell hound.
The hell hound is lightly wounded.
The hell hound completely misses you.
You hit the hell hound.
The hell hound is moderately wounded.
You hit the hell hound.
The hell hound is heavily wounded.
The hell hound bites the deep elf archer.
You barely miss the hell hound.
You punch the hell hound, but do no damage.
The hell hound is heavily wounded.
The hell hound barely misses you.
The hell hound bites itself.
You catch the helpless hell hound completely off-guard!
You spit the hell hound like a pig!!!
You kill the hell hound!
The Council accepts your kill.
The deep elf archer casts a spell.
The deep elf archer blinks!
Casting: Confusing Touch (dangerous; 2% risk of failure)
Confirm with . or Enter, or press ? or * to list all spells.
Your hands begin to glow red.
You hit the deep elf archer but do no damage.
The deep elf archer is lightly wounded.
The deep elf archer mumbles some strange words.
The deep elf archer blinks!
The deep elf archer shoots an arrow.
The arrow hits you!!
Ouch! That really hurt!
The arrow burns you.
The deep elf pyromancer casts a spell at you.
The sticky flame misses you.
You close the door.
A deep elf archer opens the door.
The deep elf archer shoots an arrow.
The arrow hits you!!
Ouch! That really hurt!
You die...

.e.......#≈#
#≈#################'##§#
#≈≈#....)...#.......#§§#
#≈≈##.≈.#..)##.....##§§#
#≈§#.).#....+..≈..#≈§##
#≈§##'###...##e..##§§#
##≈§#...#....#..e#≈≈##
#§§##..##+####'##≈≈#
##≈≈#...#....@.#§≈##
#§§##..#.....##§§#
##≈≈#..##.≈..#≈≈##
#≈§##..#...##§≈#
##≈§#.†#...#≈§##
#≈≈##)#####≈≈#
##≈§#....#≈≈##
#§§##..##≈≈# ##≈≈#∩∩#≈≈#


You could see a deep elf archer (repels missiles).

Vanquished Creatures
  Harold (D:9)
  A hydra (Lair:2)
  An orc knight (Bailey)
  5 deep elf pyromancers (Volcano)
  An oklob plant (Lair:1)
  2 black mambas (Lair:2)
  Maggie (D:7)
  7 cane toads
  4 komodo dragons
  A hornet (D:9)
  Grinder (D:6)
  2 blink frogs (Lair:2)
  A dream sheep (Lair:2)
  A shadow (D:10)
  2 wraiths
  3 basilisks
  17 yaks
  3 wyverns
  4 fire elementals (Volcano)
  4 swamp worms (Lair:2)
  An acid dragon (D:9)
  5 hell hounds (Volcano)
  9 water moccasins
  9 orc warriors
  A sky beast (D:8)
  A swamp drake (D:10)
  3 black bears
  An ogre (D:6)
  7 centaurs
  A phantom (D:4)
  8 kobold brigands
  A gnoll sergeant (D:8)
  8 bullfrogs
  Blork the orc (D:5)
  A scorpion (D:5)
  19 wights
  14 killer bees
  4 electric eels (Lair:2)
  4 howler monkeys
  A hound (D:6)
  3 orc priests
  6 orc wizards
  5 iguanas
  5 hell rats
  5 gnolls
  10 river rats (Sewer)
  8 adders
  2 shadow imps
  3 white imps
  3 worms (D:2)
  A dart slug (D:4)
  18 orcs
  3 bats
  6 endoplasms
  5 giant cockroaches
  2 goblins
  9 hobgoblins
  14 jackals
  4 quokkas
  20 ball pythons
  8 frilled lizards
  43 kobolds
  26 rats
370 creatures vanquished.

Vanquished Creatures (others)
  5 fungi
  8 plants (Lair:2)
13 creatures vanquished.

Grand Total: 383 creatures vanquished

Notes
Turn   | Place    | Note
-------+----------+-------------------------------------------
     0 | D:1      | koil the Spriggan Enchanter began the quest for the Orb.
     0 | D:1      | Reached XP level 1. HP: 9/9 MP: 5/5
   104 | D:1      | Reached XP level 2. HP: 13/13 MP: 6/6
   417 | D:1      | Learned a level 2 spell: Ensorcelled Hibernation
   436 | D:1      | Reached XP level 3. HP: 15/17 MP: 3/8
   861 | D:1      | Reached skill level 5 in Stealth
  1230 | D:2      | Reached XP level 4. HP: 21/21 MP: 10/10
  1710 | D:3      | Learned a level 3 spell: Confusing Touch
  1714 | D:3      | Learned a level 3 spell: Dazzling Flash
  1739 | D:3      | Reached skill level 1 in Fighting
  1780 | D:3      | Found a burning altar of Makhleb.
  1951 | D:3      | Found an ornate altar of the Wu Jian Council.
  1951 | D:3      | Found a snail-covered altar of Cheibriados.
  1954 | D:3      | Became a worshipper of the Wu Jian Council
  2022 | D:3      | Found Qeganan's Weapon Boutique.
  2350 | D:3      | Found a hide-covered altar of Uskayaw.
  2350 | D:3      | Found a sparkling altar of Nemelex Xobeh.
  2546 | D:4      | Reached skill level 1 in Ranged Weapons
  2546 | D:4      | Reached XP level 5. HP: 25/25 MP: 11/11
  2549 | D:4      | Noticed a phantom
  2565 | D:4      | Killed a phantom
  2600 | D:4      | Found a glowing drain.
  2627 | Sewer    | Entered a sewer
  2644 | Sewer    | Reached * piety under Wu Jian
  2710 | Sewer    | Reached XP level 6. HP: 30/30 MP: 12/12
  2852 | Sewer    | Reached skill level 6 in Stealth
  2939 | Sewer    | Reached ** piety under Wu Jian
  3665 | D:4      | Found a shimmering blue altar of Sif Muna.
  3697 | D:5      | Entered Level 5 of the Dungeon
  3709 | D:4      | Gained mutation: Your system is resistant to poisons.
                  | (rPois) [potion of mutation]
  3709 | D:4      | Gained mutation: Your flesh is cold resistant. (rC+)
                  | [potion of mutation]
  3709 | D:4      | Gained mutation: Your spells are a little harder to cast,
                  | but a little more powerful. [potion of mutation]
  3871 | D:5      | Found a glowing golden altar of the Shining One.
  3973 | D:5      | Noticed a wraith
  3978 | D:5      | Killed a wraith
  3979 | D:5      | Reached skill level 5 in Hexes
  3979 | D:5      | Reached XP level 7. HP: 35/35 MP: 14/14
  4485 | D:6      | Reached skill level 5 in Dodging
  4485 | D:6      | Reached skill level 7 in Stealth
  4658 | D:6      | Reached skill level 1 in Conjurations
  4717 | D:6      | Reached skill level 5 in Spellcasting
  4717 | D:6      | Reached XP level 8. HP: 39/39 MP: 10/16
  4806 | D:6      | Noticed Blork the orc
  4844 | D:5      | Killed Blork the orc
  5120 | D:6      | Reached *** piety under Wu Jian
  5127 | D:6      | Noticed Grinder
  5147 | D:6      | Killed Grinder
  5481 | D:7      | Noticed Maggie
  5506 | D:7      | Killed Maggie
  5507 | D:7      | Reached skill level 8 in Stealth
  5507 | D:7      | Reached XP level 9. HP: 31/44 MP: 15/18
  5557 | D:7      | Found a flagged portal.
  5614 | Bailey   | Entered a bailey
  5701 | Bailey   | Reached skill level 5 in Short Blades
  5732 | Bailey   | Identified the ring of Yendor {rCorr AC+4 Str+3 Stlth-}
  5753 | Bailey   | Noticed an orc knight
  5787 | Bailey   | Killed an orc knight
  5869 | Bailey   | Reached skill level 9 in Stealth
  5883 | Bailey   | Found a bloodstained altar of Trog.
  5916 | Bailey   | Learned a level 4 spell: Olgreb's Toxic Radiance
  6151 | D:7      | Found a staircase to the Ecumenical Temple.
  6228 | D:7      | Reached skill level 1 in Poison Magic
  6420 | D:7      | Reached **** piety under Wu Jian
  6576 | D:7      | Identified the +6 chain mail "Tijoik" {Str+4}
  6630 | Temple   | Entered the Ecumenical Temple
  6891 | D:8      | Reached XP level 10. HP: 49/49 MP: 21/21
  7602 | D:9      | Found Tinufyfad's Weapon Shoppe.
  7669 | D:9      | Noticed Harold
  7695 | D:9      | Killed Harold
  7696 | D:9      | Reached skill level 5 in Ranged Weapons
  7962 | D:9      | Found an opulent altar of Gozag.
  8440 | D:9      | Reached skill level 10 in Stealth
  8549 | D:9      | Learned a level 2 spell: Blink
  8835 | D:10     | Entered Level 10 of the Dungeon
  8859 | D:10     | Found Zoam's Weapon Shop.
  9012 | D:10     | Identified the ring of Ziral {rElec rF+ Str+4 Dex+4}
  9122 | D:10     | Reached skill level 1 in Translocations
  9180 | D:10     | Reached ***** piety under Wu Jian
  9356 | D:10     | Reached XP level 11. HP: 54/54 MP: 13/23
  9360 | D:10     | Found a staircase to the Orcish Mines.
  9562 | D:10     | Found a staircase to the Lair.
 10206 | Lair:1   | Entered Level 1 of the Lair of Beasts
 10219 | Lair:1   | Reached skill level 5 in Fighting
 10335 | Lair:1   | Found a runed translucent gate.
 10335 | Lair:1   | Found a runed translucent gate.
 10335 | Lair:1   | Found a runed translucent gate.
 10371 | Lair:1   | Noticed Hiufoemo's ghost (journeyman DjWr)
 10476 | Lair:1   | Noticed an oklob plant
 10508 | Lair:1   | Killed an oklob plant
 10509 | Lair:1   | Reached skill level 11 in Stealth
 10509 | Lair:1   | Reached skill level 5 in Poison Magic
 11067 | Lair:2   | Learned a level 3 spell: Ignite Poison
 11233 | Lair:2   | Reached skill level 1 in Transmutations
 11373 | Lair:2   | Found a staircase to the Swamp.
 11807 | Lair:2   | Noticed a five-headed hydra
 11812 | Lair:2   | Reached XP level 12. HP: 37/60 MP: 14/25
 11969 | Lair:2   | Killed a five-headed hydra
 11970 | Lair:2   | Reached skill level 5 in Translocations
 12353 | Lair:2   | Found a broken altar of Ashenzari.
 12721 | Lair:3   | Noticed a death yak
 12721 | Lair:3   | Noticed a death yak
 12722 | Lair:3   | Noticed a death yak
 12769 | Lair:3   | Noticed a death yak
 12769 | Lair:3   | Noticed a death yak
 12794 | Lair:3   | Found a dark tunnel.
 12805 | Volcano  | Entered a volcano
 12820 | Volcano  | Reached ****** piety under Wu Jian
 12947 | Volcano  | Reached skill level 10 in Dodging
 12982 | Volcano  | Reached skill level 5 in Conjurations
 13114 | Volcano  | Shot with an arrow by a deep elf archer

Illustrated notes

Levels and vault maps discovered:
D:1:      lemuel_arrival_river_ford, layout_basic, feat_on_display
D:2:      layout_rooms
D:3:      layout_loops_ring, gammafunk_temple_overflow_elements,
          gammafunk_temple_overflow_wave, lightli_temple_of_fire, serial_shops,
          shop
D:4:      layout_gridville, mainiacjoe_overflow_alcove_1, portal_sewer_entry_a,
          chequers_serial_rivers_marsh
D:5:      layout_loops_ring, mainiacjoe_overflow_catwalk
D:6:      layout_cave_pools, uniq_grinder, uniq_blork_the_orc
D:7:      layout_basic, minmay_temple_entry_overgrown, enter_bailey_2,
          uniq_maggie
D:8:      layout_gridville
D:9:      layout_stronghold, lemuel_crystal_altar, serial_shops,
          nicolae_stop_n_shop_1, uniq_harold
D:10:     layout_gridville, erik_lair_dragon, orc_david_3, serial_shops,
          nicolae_shop_bloodbath_and_beyond
Temple:   nicolae_temple_ecumenical_triangle
Lair:1:   layout_big_grid, gammafunk_ghost_icy, minmay_lair_oklob_bushes,
          chequers_serial_rivers_small_a, chequers_serial_rivers_micro_c,
          serial_bayou_shore_b, grunt_megastairs_5
Lair:2:   nzn_winding_woodlands_stair_trap [nzn_winding_woodlands_5x15_cabin,
          nzn_winding_woodlands_5x15_concentric,
          nzn_winding_woodlands_5x15_crooked,
          nzn_winding_woodlands_15x15_eel_pit,
          nzn_winding_woodlands_5x15_split_checker,
          nzn_winding_woodlands_5x15_eye, nzn_winding_woodlands_5x15_jagged],
          layout_chaotic_city, minmay_swamp_entry_worms, lemuel_centaur_altar,
          lemuel_fruit_tree
Lair:3:   layout_gridlike, hellmonk_spider_entry_life_and_decay,
          lightli_volcano_entry_magma_tube
Volcano:  hellmonk_pyromancer_palace

Skill      XL: |  1  2  3  4  5  6  7  8  9 10 11 12 |
---------------+-------------------------------------+-----
Spellcasting   | 3 4 5 6 7 8 9 |  9.5
Dodging        | 3 4 5 6 7 8 9 10 | 10.1
Stealth        | 5 6 7 8 9 10 11 | 11.0
Hexes          | 4 5 6 7 |  7.0
Short Blades   | 2 3 4 5 6 7 8 |  8.4
Fighting       | 1 2 3 4 5 6 |  6.1
Ranged Weapons | 1 2 3 4 5 6 7 |  7.3
Conjurations   | 1 2 3 4 5 |  5.0
Poison Magic   | 1 4 5 6 |  6.2
Translocations | 1 4 5 |  5.0
Transmutations | 2 3 |  3.0
Fire Magic     | |  0.1

Action                   |  1- 3 |  4- 6 |  7- 9 | 10-12 || total
-------------------------+-------+-------+-------+-------++-------
Melee: Dagger            |   113 |   139 |   174 |   530 ||   956
       Punch             |       |     1 |     5 |    10 ||    16
 Fire: Arbalest          |    37 |   159 |   101 |   108 ||   405
Throw: Dart              |       |       |     2 |     5 ||     7
 Cast: Ensorcelled Hiber |    10 |    18 |    34 |    38 ||   100
       Confusing Touch   |       |     2 |    15 |    75 ||    92
Invok: Whirlwind         |       |     5 |     6 |    22 ||    33
       Lunge             |       |     4 |     8 |    40 ||    52
Evoke: Wand              |       |       |     5 |    19 ||    24
  Use: Scroll            |       |    14 |     4 |     8 ||    26
       Potion            |       |     2 |       |       ||     2
 Stab: Sleeping          |    13 |    11 |    17 |    31 ||    72
       Confused          |       |     2 |     9 |    68 ||    79
Armor: Robe              |    14 |    28 |    18 |    37 ||    97
Dodge: Dodged            |   151 |   221 |   182 |   403 ||   957

Table legend: (Time is in decaauts)
 A = Elapsed time spent in this place.
 B = Non-inter-level travel time spent in this place.
 C = Inter-level travel time spent in this place.
 D = Time resting spent in this place.
 E = Time spent auto-exploring this place.
 F = Levels seen in this place.
 G = Mean time per level.
                   A        B        C        D        E       F      G
               +--------+--------+--------+--------+--------+-----+--------+
         Total |   9731 |   9325 |    406 |    865 |   5243 |  17 |  572.4 |
       Dungeon |   6461 |   6088 |    373 |    489 |   3792 |  10 |  646.1 |
        Temple |     35 |     32 |      3 |      0 |      0 |   1 |   35.0 |
          Lair |   1899 |   1869 |     30 |    236 |   1073 |   3 |  633.0 |
         Sewer |    747 |    747 |      0 |     70 |    295 |   1 |  747.0 |
        Bailey |    338 |    338 |      0 |      0 |     82 |   1 |  338.0 |
       Volcano |    248 |    248 |      0 |     70 |      0 |   1 |  248.0 |
               +--------+--------+--------+--------+--------+-----+--------+

Top non-repeatable levels by time:
  Lair:2: 1233 daAuts
    D:10: 908 daAuts
     D:1: 816 daAuts
     D:8: 798 daAuts
     D:9: 774 daAuts
   Sewer: 747 daAuts
     D:7: 633 daAuts
     D:6: 626 daAuts
  Lair:1: 556 daAuts
     D:2: 519 daAuts
     D:3: 476 daAuts
     D:5: 469 daAuts
     D:4: 438 daAuts
  Bailey: 338 daAuts
 Volcano: 248 daAuts
